 Dungeon Crawl Stone Soup version 0.23.2-1-ga50397a (webtiles) character file.

Game seed: 15719687503204468941

48 goulibeur the Skirmisher (level 3, -1/33 HPs)
             Began as a Draconian Berserker on May 20, 2019.
             Was a Believer of Trog.
             Slain by a goblin
             ... wielding a +0 club
             ... led by Robin
              (2 damage)
             ... on level 2 of the Dungeon.
             The game lasted 00:04:43 (1111 turns).

goulibeur the Skirmisher (Draconian Berserker)      Turns: 1111, Time: 00:04:44

Health: -1/33      AC:  5    Str: 19    XL:     3   Next: 50%
Magic:  3/3        EV: 12    Int:  7    God:    Trog [**....]
Gold:   61         SH:  3    Dex: 11    Spells: 2/2 levels left

rFire    . . .     SeeInvis .   a - +0 mace
rCold    . . .     Gourm    .   f - +0 buckler
rNeg     . . .     Faith    .   (armour unavailable)
rPois    .         Spirit   .   (helmet restricted)
rElec    .         Reflect  .   c - scarf {cloud immunity}
rCorr    .         Harm     .   (no gloves)
MR       .....                  (no boots)
Stlth    +.........             (no amulet)
HPRegen  0.11/turn              (no ring)
MPRegen  0.08/turn              (no ring)

@: no status effects
A: unfitting armour, cold-blooded, AC +5
a: Berserk, Trog's Hand, Renounce Religion


You were on level 2 of the Dungeon.
You worshipped Trog.
Trog was pleased with you.
You were not hungry.

You visited 1 branch of the dungeon, and saw 2 of its levels.

You collected 61 gold pieces.

Inventory:

Hand Weapons
 a - a +0 mace (weapon)
Armour
 c - a scarf of cloud immunity (worn)
 f - a +0 buckler (worn)
Jewellery
 e - an uncursed ring of protection from magic {unknown}
Scrolls
 g - a scroll of identify {unknown}
 i - 3 scrolls of enchant armour {unknown}
Potions
 d - a potion of flight {unknown}
 h - a potion of mutation {unknown}
Comestibles
 b - 6 rations
 j - 5 chunks of flesh


   Skills:
 * Level 3.7 Fighting
 * Level 3.4 Maces & Flails
 + Level 1.2 Throwing
 + Level 3.0 Dodging
 + Level 0.1 Shields


You had 2 spell levels left.
You didn't know any spells.
Your spell library was empty.

Dungeon Overview and Level Annotations

Branches:
Dungeon (2/15)

Altars:

Annotations:
D:2 Robin


Innate Abilities, Weirdness & Mutations

Your plain brown scales are hard. (AC +5)
You cannot fit into any form of body armour.
You are cold-blooded and may be slowed by cold attacks.


Message History

The goblin is severely wounded.
The goblin hits you with a +0 club! The goblin misses you.
You hit the goblin.
You kill the goblin!
Trog accepts your kill.
Robin hits you from afar with a +0 spear.
Robin throws the goblin at you! The goblin hits you with a +0 club.
Robin hits you but does no damage.
Items here: $ )))) †† You hit Robin.
Your tail-slap misses Robin.
Robin is moderately wounded.
Robin hits you with a +0 spear!
* * * LOW HITPOINT WARNING * * *
The goblin completely misses you. Robin hits you with a +0 spear.
* * * LOW HITPOINT WARNING * * *
You hit Robin.
Robin is heavily wounded.
The goblin barely misses you. You block Robin's attack.
The goblin hits you with a +0 club.
You die...

###g.....###.....
#.................
...##.####........
#####.####......##.
.. #.<.#......#.....
#.#.)..............
##......####........
.......g# #..#......
#######@###.####....
###g#...# ....
#.....### ...
#.....# #.....#
#.....# #.....#
#.....# #######


You could see Robin and a goblin.

Vanquished Creatures
  An adder (D:2)
  An ooze (D:1)
  A dart slug (D:1)
  2 bats (D:1)
  3 giant cockroaches (D:1)
  7 goblins
  3 hobgoblins
  6 jackals
  A kobold (D:1)
  2 rats
27 creatures vanquished.

Notes
Turn   | Place    | Note
-------+----------+-------------------------------------------
     0 | D:1      | goulibeur the Draconian Berserker began the quest for the
                  | Orb.
     0 | D:1      | Reached XP level 1. HP: 19/19 MP: 1/1
   302 | D:1      | Reached XP level 2. HP: 21/26 MP: 2/2
   558 | D:1      | Reached skill level 1 in Throwing
   736 | D:2      | Reached XP level 3. HP: 22/33 MP: 3/3
  1100 | D:2      | Reached ** piety under Trog
  1101 | D:2      | Noticed Robin
  1110 | D:2      | HP: 1/33 [Robin/+0 spear (6)]
  1111 | D:2      | Slain by a goblin

Skill      XL: |  1  2 |
---------------+-------+-----
Throwing       | 1 |  1.2
Dodging        | 3 |  3.0
Fighting       | |  3.7
Maces & Flails | |  3.4
Shields        | |  0.1

Action                   || total
-------------------------++-------
Melee: Mace              ||    72
       Tailslap          ||     9
  Eat: Chunk             ||     1
Armor: Skin              ||    21
Dodge: Dodged            ||    54
Block: Buckler           ||     1
